Map: Dusk Towers

Players

Miszu

  • Race: Terran Terran
  • League: Master

A.I. 1 (Very Easy)

  • Race: Zerg Zerg

VOD

Have the link to the VOD?

Description

Time

  • Played on: April 7, 2016, 11 a.m.
  • Length: 3:02
Show
View Real Time Build Order
Export as new Build Order

Miszu Terran 

Build Orders: MMM Bio, Banshee Rush 

Get SALT Encoding   

  1  0:00  Protoss Air Weapons Level 3, Zerg Melee Weapons Level 2, Terran Ship Weapons Level 2, Protoss Shields Level 3, Zerg Flyer Weapons Level 2, Zerg Ground Armor Level 2, Zerg Flyer Armor Level 3, Protoss Shields Level 2, Terran Infantry Armor Level 2, Protoss Air Armor Level 2, Protoss Air Armor Level 3, Terran Ship Armor Level 2, Terran Vehicle Weapons Level 2, Terran Vehicle Weapons Level 3, Terran Vehicle Armor Level 2, Zerg Flyer Armor Level 2, Zerg Missile Weapons Level 3, Protoss Ground Weapons Level 2, Terran Infantry Weapons Level 3, Terran Infantry Weapons Level 2, Zerg Melee Weapons Level 3, Zerg Ground Armor Level 3, Terran Ship Armor Level 3, Zerg Flyer Weapons Level 3, Zerg Missile Weapons Level 2, Protoss Ground Armor Level 2, Protoss Ground Armor Level 3, Terran Ship Weapons Level 3, Protoss Ground Weapons Level 3, Protoss Air Weapons Level 2, Terran Infantry Armor Level 3, Terran Vehicle Armor Level 3  
  12  0:03  SCV x12  
    0:07  Blink, Stimpack  
    0:14  Terran Ship Armor Level 1, Terran Infantry Armor Level 1, Zerg Melee Weapons Level 1, Zerg Flyer Armor Level 1, Protoss Ground Armor Level 1, Terran Infantry Weapons Level 1, Zerg Ground Armor Level 1, Protoss Ground Weapons Level 1, Protoss Air Armor Level 1, Protoss Shields Level 1, Terran Vehicle Armor Level 1, Warp Gate, Zerg Missile Weapons Level 1, Protoss Air Weapons Level 1, Zerg Flyer Weapons Level 1, Terran Vehicle Weapons Level 1, Terran Ship Weapons Level 1  
    0:15  Unknown  
  13  0:28  Charge, Building Armor, Extended Thermal Lance, Resonating Glaives  
  13  0:35  Adrenal Glands, Ventral Sacs  
  13  0:41  Enduring Locusts  
  13  0:42  Personal Cloaking  
  13  0:48  Psionic Storm  
  13  0:49  Cloaking Field, SCV, Combat Shields, Tunneling Claws, Centrifical Hooks, Metabolic Boost, Neural Parasite, Neosteel Frame, Corvid Reactor, Glial Reconstitution, Durable Materials, Infernal Pre-Igniter, Chitinous Plating  
  13  0:57  Burrow, Muscular Augments x2  
  13  1:01  SCV  
  14  1:05  Supply Depot  
  14  1:11  Pathogen Glands, Behemoth Reactor, Observer Gravitic Boosters, Hi-Sec Auto Tracking, Moebius Reactor, Caduceus Reactor, Graviton Catapult, Gravitic Drive  
  15  1:25  Weapon Refit, Pneumatized Carapace, Concussive Shells  
  15  1:47  SCV  
  15  2:02  Barracks  
  15  2:06  Refinery  
  15  2:08  Unknown x5  
  15  2:12  SCV x12  
    2:24  Unknown  
    2:25  SCV  
  13  2:38  SCV  
  13  2:42  Supply Depot  
  14  2:57  Refinery  
Show
View Real Time Build Order
Export as new Build Order

A.I. 1 (Very Easy) Zerg 

Build Orders:  

Get SALT Encoding   

  1  0:00  Protoss Air Weapons Level 3, Zerg Melee Weapons Level 2, Terran Ship Weapons Level 2, Protoss Shields Level 3, Zerg Flyer Weapons Level 2, Zerg Ground Armor Level 2, Zerg Flyer Armor Level 3, Protoss Shields Level 2, Terran Infantry Armor Level 2, Protoss Air Armor Level 2, Protoss Air Armor Level 3, Terran Ship Armor Level 2, Terran Vehicle Weapons Level 2, Terran Vehicle Weapons Level 3, Terran Vehicle Armor Level 2, Overlord, Zerg Flyer Armor Level 2, Zerg Missile Weapons Level 3, Protoss Ground Weapons Level 2, Terran Infantry Weapons Level 3, Terran Infantry Weapons Level 2, Zerg Melee Weapons Level 3, Zerg Ground Armor Level 3, Terran Ship Armor Level 3, Zerg Flyer Weapons Level 3, Zerg Missile Weapons Level 2, Terran Vehicle Armor Level 3, Protoss Ground Armor Level 3, Terran Ship Weapons Level 3, Protoss Ground Weapons Level 3, Protoss Air Weapons Level 2, Terran Infantry Armor Level 3, Protoss Ground Armor Level 2  
  12  0:03  Drone x12  
    0:07  Blink, Stimpack  
    0:14  Terran Ship Armor Level 1, Terran Infantry Armor Level 1, Zerg Melee Weapons Level 1, Zerg Flyer Armor Level 1, Protoss Ground Armor Level 1, Terran Infantry Weapons Level 1, Zerg Ground Armor Level 1, Protoss Ground Weapons Level 1, Protoss Air Armor Level 1, Protoss Shields Level 1, Terran Vehicle Armor Level 1, Warp Gate, Zerg Missile Weapons Level 1, Protoss Air Weapons Level 1, Zerg Flyer Weapons Level 1, Terran Vehicle Weapons Level 1, Terran Ship Weapons Level 1  
    0:15  Unknown  
  13  0:28  Charge, Building Armor, Extended Thermal Lance, Resonating Glaives  
  14  0:35  Adrenal Glands, Ventral Sacs  
  14  0:41  Enduring Locusts  
  14  0:42  Personal Cloaking  
  14  0:48  Psionic Storm  
  14  0:49  Cloaking Field, Drone, Combat Shields, Tunneling Claws, Centrifical Hooks, Metabolic Boost, Neural Parasite, Neosteel Frame, Corvid Reactor, Glial Reconstitution, Durable Materials, Infernal Pre-Igniter, Chitinous Plating  
  14  0:56  Drone  
  14  0:57  Burrow, Muscular Augments x2  
  14  1:11  Pathogen Glands, Behemoth Reactor, Observer Gravitic Boosters, Hi-Sec Auto Tracking, Moebius Reactor, Caduceus Reactor, Graviton Catapult, Gravitic Drive  
  14  1:25  Weapon Refit, Pneumatized Carapace, Concussive Shells  
  14  1:40  Overlord  
  14  2:06  Overlord  
  14  2:08  Unknown x5  
  14  2:12  Drone x12  
    2:24  Unknown  
    2:25  Drone  
  13  2:32  Drone  
  14  2:44  Overlord  
Tags
 
Composition
MMM Bio
League
Master
Matchup
TvZ
Strategy
Banshee Rush
Add a new tag
Caveats
  • Supply blocks, unpowered buildings, or Contaminate may cause inaccurate times.
  • Supply counts are checked every 10 seconds.